 Dungeon Crawl Stone Soup version 0.17-a0-1954-g0dddeaa (webtiles) character file.

21433 SlimeFever the Pandemonic (level 12, -10/87 HPs)
             Began as a Demonspawn Fighter on Oct 3, 2015.
             Was a High Priest of Makhleb.
             Killed from afar by Roxanne (18 damage)
             ... with a bolt of magma
             ... on level 1 of the Elven Halls.
             The game lasted 02:24:12 (12277 turns).

SlimeFever the Pandemonic (Demonspawn Fighter)     Turns: 12277, Time: 02:24:12

Health: -10/87     AC: 22    Str: 17    XL:     12   Next: 54%
Magic:  0/20       EV: 13    Int: 11    God:    Makhleb [*****.]
Gold:   1082       SH: 11    Dex: 15    Spells: 0 memorised, 11 levels left

rFire  . . .     SeeInvis .     a - +5 dagger (venom)
rCold  + . .     Clarity  +     X - +4 chain mail {rC+}
rNeg   . . .     SustAt   .     c - +0 shield
rPois  .         Gourm    .     y - +2 helmet
rElec  .         Spirit   +     z - +0 cloak
rCorr  .         Warding  .     (no gloves)
rMut   .         Stasis   .     (no boots)
MR     .....                    k - amulet of clarity
Stlth  +++.......               W - +3 ring of evasion
                                i - ring of stealth

@: not resistant to hostile enchantments, fairly stealthy
A: talons 2, rough black scales 1, nightstalker 1, magic shield, magic
regeneration
a: Minor Destruction, Lesser Servant of Makhleb, Major Destruction, Greater
Servant of Makhleb, Renounce Religion


You were on level 1 of the Elven Halls.
You worshipped Makhleb.
Makhleb was extremely pleased with you.
You were very hungry.

You visited 3 branches of the dungeon, and saw 14 of its levels.
You also visited: Sewer and Ice Cave.

You collected 1082 gold pieces.

Inventory:

Hand weapons
 a - a +5 dagger of venom (weapon)
 b - a +0 antimagic dagger
 u - a +0 rapier
 w - a +0 hunting sling of freezing
 Q - a +0 short sword of freezing
 S - a +0 short sword of venom
 T - a +0 blowgun
Missiles
 l - 126 sling bullets
 B - 14 exploding sling bullets
 D - 31 tomahawks (quivered)
 G - 8 poisoned needles
 K - 9 curare-tipped needles
 R - 7 needles of paralysis
Armour
 c - a +0 shield (worn)
 h - a +1 leather armour
 y - a +2 helmet (worn)
 z - a +0 cloak (worn)
 X - a +4 chain mail of cold resistance (worn)
Jewellery
 i - a ring of stealth (left hand)
 k - an amulet of clarity (around neck)
 r - an uncursed ring of protection from cold
 x - an uncursed ring of stealth
 N - an uncursed ring of see invisible
 W - a +3 ring of evasion (right hand)
Scrolls
 q - 3 scrolls of blinking
 v - 6 scrolls of remove curse
 I - a scroll of recharging
 L - 3 scrolls of teleportation
 O - a scroll of amnesia
 U - a scroll of identify
 V - a scroll of fear
 Y - a scroll of enchant weapon
Potions
 d - 2 potions of might
 e - a potion of poison {unknown}
 g - 3 potions of cancellation
 m - a potion of lignification {unknown}
 n - 2 potions of invisibility
 o - 3 potions of agility
 p - 8 potions of curing
 s - 2 potions of heal wounds
 t - 2 potions of brilliance
 A - 2 potions of berserk rage
 E - a potion of magic {unknown}
 F - a potion of resistance
 H - a potion of ambrosia
 J - a potion of mutation
 M - 2 potions of degeneration {unknown}
 P - a potion of haste {unknown}
Books
 f - a book of Callings

   Spells                             Type                      Level
   a - Summon Small Mammal            Summoning                    1
   b - Call Imp                       Summoning                    2
   c - Call Canine Familiar           Summoning                    3
   d - Summon Guardian Golem          Hexes/Summoning              3
   e - Summon Lightning Spire         Summoning/Air                4
   f - Summon Ice Beast               Ice/Summoning                4
Comestibles
 j - 7 meat rations
 C - a royal jelly


   Skills:
 + Level 5.7 Fighting
 * Level 7.1(7.3) Short Blades
   Level 1.9(4.9) Long Blades
 + Level 2.3(2.4) Slings
 + Level 0.5(1.5) Throwing
 + Level 5.2 Armour
 * Level 9.9 Dodging
 * Level 8.6 Stealth
 + Level 8.0 Shields
 * Level 11.0 Invocations


You had 11 spell levels left.
You didn't know any spells.

Dungeon Overview and Level Annotations

Branches:
Dungeon (10/15)            Temple (0/1) D:6             Orc (3/4) D:10
    Elf (1/3) Orc:3
   Lair: D:8-11

Altars:
Ashenzari
Cheibriados
Dithmenos
Gozag
Kikubaaqudgha
Makhleb
Okawaru
Qazlal
Sif Muna
Trog
Xom
Yredelemnul
The Shining One

Annotations:
Elf:1 exclusion: Roxanne, Roxanne


Innate Abilities, Weirdness & Mutations

You have razor-sharp toenails.
You are partially covered in rough black scales (AC +4, Dex -1).
You are slightly more attuned to the shadows.
When hurt, damage is shared between your health and your magic reserves.
You regenerate magic rapidly.


Message History

The acid hits Roxanne.
Roxanne appears unharmed.
Roxanne is severely damaged.
You feel slightly more hungry.
Your hellwing hits Roxanne but does no damage. x2
Use which ability?
Press: ? - help, Shift-Dir - straight line, f/p - Roxanne
Aim: Roxanne (severely damaged)
The puff of flame hits Roxanne.
Roxanne completely resists.
Roxanne is severely damaged.
You feel slightly more hungry.
Your hellwing hits Roxanne but does no damage. x2
Use which ability?
Press: ? - help, Shift-Dir - straight line, f/p - Roxanne
Aim: Roxanne (severely damaged)
The sticky flame hits Roxanne.
Roxanne appears unharmed.
Roxanne is severely damaged.
Roxanne is covered in liquid flames!
You feel somewhat more hungry.
Roxanne mumbles some strange words.
The bolt of magma hits you!
You die...

##########
#..@......
##.........
##...###############
#....#.............#
#.84$#.............#
#..).#..#########..#
#.#..#..#.......#).#
#....#..'.......#..#
###..#..#.......#..#


You could see Roxanne (burning) and a friendly hellwing.

Vanquished Creatures
  Frances (Elf:1)
  A white draconian (IceCv)
  A hydra (D:9)
  A death yak (IceCv)
  A deep elf knight (Elf:1)
  An ice statue (IceCv)
  Pikel (D:6)
  A deep elf conjurer (Elf:1)
  The ghost of Shim the Sneak, an experienced HaAs (D:6)
  A centaur zombie (D:10)
  A troll (D:10)
  14 polar bears (IceCv)
  The ghost of Shim the Covert, an experienced SpEn of Dithmenos (D:4)
  Prince Ribbit (D:9)
  Sigmund (D:6)
  A deep elf mage (D:9)
  15 yaks (IceCv)
  A deep elf fighter (Elf:1)
  Eustachio (D:6)
  18 wolves
  A sky beast (D:5)
  An eye of draining (D:8)
  5 ice beasts
  2 orc warriors
  2 phantoms
  4 big kobolds
  4 centaurs
  8 ogres
  6 giant frogs
  3 scorpions
  A water moccasin skeleton (D:7)
  5 wights (D:9)
  3 crimson imps
  A jelly (D:7)
  6 orc wizards
  2 centaur skeletons
  5 hounds
  Crazy Yiuf (D:2)
  A giant frog skeleton (D:5)
  A giant frog zombie (D:6)
  5 orc priests
  5 iguanas
  Terence (D:2)
  An iron imp (D:5)
  Natasha (thrice) (D:2)
  4 worker ants
  A killer bee zombie (D:8)
  2 hound skeletons
  2 worker ant zombies (D:10)
  11 adders
  3 shadow imps
  4 white imps (Orc:2)
  An ooze (D:7)
  An adder skeleton (D:9)
  2 adder zombies
  5 worms
  6 giant geckos
  82 orcs
  4 ball pythons
  14 giant cockroaches
  9 goblins
  7 hobgoblins
  10 jackals
  4 quokkas
  10 bats
  A giant gecko zombie (D:5)
  8 giant newts
  A goblin skeleton (D:5)
  2 goblin zombies (D:5)
  4 hobgoblin zombies (D:5)
  A jackal skeleton (D:5)
  25 kobolds
  A kobold skeleton (D:5)
  3 kobold zombies (D:5)
  An orc skeleton (D:5)
  An orc zombie (D:5)
  A quokka skeleton (D:5)
  13 rats
385 creatures vanquished.

Vanquished Creatures (collateral kills)
  The ghost of George the Basher, a powerful GrFi of Okawaru (D:10)
  A death yak (IceCv)
  2 deep elf conjurers (Elf:1)
  A gargoyle (D:10)
  5 polar bears (IceCv)
  A two-headed ogre (D:10)
  3 deep elf fighters (Elf:1)
  3 deep elf magi (Elf:1)
  Grum (D:8)
  A yak (IceCv)
  A wolf (D:8)
  2 orc warriors
  A centaur (D:10)
  A wasp (D:9)
  A hound (D:9)
  A crimson imp (D:9)
  4 orc priests
  3 orc wizards (Orc:2)
  A worker ant (D:9)
  An adder (D:9)
  8 white imps (Orc:2)
  26 orcs
69 creatures vanquished.

Vanquished Creatures (others)
  A deep elf summoner (Elf:1)
1 creature vanquished.

Grand Total: 455 creatures vanquished

Notes
Turn   | Place    | Note
--------------------------------------------------------------
     0 | D:1      | SlimeFever the Demonspawn Fighter began the quest for the Orb.
     0 | D:1      | Reached XP level 1. HP: 18/18 MP: 1/1
   152 | D:1      | Gained mutation: You are slightly more attuned to the shadows. [demonic ancestry]
   152 | D:1      | Reached XP level 2. HP: 24/24 MP: 2/2
   693 | D:1      | Reached XP level 3. HP: 29/29 MP: 3/3
  1070 | D:2      | Gained mutation: You have sharp toenails. [demonic ancestry]
  1070 | D:2      | Reached XP level 4. HP: 33/35 MP: 4/4
  1093 | D:2      | Noticed a moth of wrath
  1096 | D:2      | Found a bloodstained altar of Trog.
  1348 | D:2      | Noticed Crazy Yiuf
  1359 | D:2      | Killed Crazy Yiuf
  1359 | D:2      | Reached skill level 1 in Dodging
  1585 | D:2      | Found a faded altar to an unknown god.
  1589 | D:2      | Noticed Natasha
  1596 | D:2      | Killed Natasha
  1596 | D:2      | Reached skill level 1 in Short Blades
  1596 | D:2      | Gained mutation: When hurt, damage is shared between your health and your magic reserves. [demonic ancestry]
  1596 | D:2      | Reached XP level 5. HP: 41/41 MP: 5/5
  1656 | D:2      | Noticed Terence
  1669 | D:2      | Killed Terence
  1685 | D:2      | Noticed Natasha
  1783 | D:2      | Killed Natasha
  1883 | D:2      | Noticed Natasha
  1888 | D:2      | Killed Natasha
  1995 | D:3      | Found a glowing drain.
  2000 | Sewer    | Entered a sewer
  2114 | Sewer    | Reached skill level 1 in Stealth
  2247 | Sewer    | Reached skill level 4 in Shields
  2247 | Sewer    | Reached XP level 6. HP: 26/47 MP: 2/6
  2542 | D:3      | Found a burning altar of Makhleb.
  2550 | D:3      | Became a worshipper of Makhleb the Destroyer
  2698 | D:3      | Upgraded the game from 0.17-a0-1951-g62301d3 to 0.17-a0-1954-g0dddeaa
  3401 | D:4      | Acquired Makhleb's first power
  3401 | D:4      | Reached skill level 1 in Invocations
  3561 | D:4      | Found a snail-covered altar of Cheibriados.
  3575 | D:4      | Found an iron altar of Okawaru.
  3577 | D:4      | Found a shimmering altar of Xom.
  3577 | D:4      | Found a shattered altar of Ashenzari.
  3578 | D:4      | Found an opulent altar of Gozag.
  3579 | D:4      | Found a deep blue altar of Sif Muna.
  3580 | D:4      | Found a shadowy altar of Dithmenos.
  3581 | D:4      | Found a basalt altar of Yredelemnul.
  3622 | D:4      | Reached XP level 7. HP: 52/52 MP: 8/8
  3628 | D:4      | Noticed Shim's ghost (experienced SpEn)
  3683 | D:4      | Killed Shim's ghost
  3873 | D:4      | Found an ancient bone altar of Kikubaaqudgha.
  4274 | D:5      | Entered Level 5 of the Dungeon
  4331 | D:5      | Reached skill level 1 in Slings
  4331 | D:5      | Gained mutation: You are partially covered in rough black scales (AC +4, Dex -1). [demonic ancestry]
  4331 | D:5      | Reached XP level 8. HP: 60/60 MP: 9/9
  4655 | D:5      | Found a glowing golden altar of the Shining One.
  4928 | D:5      | Acquired Makhleb's second power
  5280 | D:6      | Noticed Eustachio
  5293 | D:6      | Killed Eustachio
  5339 | D:6      | Noticed Shim's ghost (experienced HaAs)
  5433 | D:6      | Killed Shim's ghost
  5433 | D:6      | Reached skill level 5 in Dodging
  5697 | D:6      | Found a staircase to the Ecumenical Temple.
  5697 | D:6      | Noticed Sigmund
  5711 | D:6      | Killed Sigmund
  5711 | D:6      | Reached XP level 9. HP: 58/65 MP: 12/12
  6009 | D:6      | Noticed Pikel
  6032 | D:6      | Killed Pikel
  6032 | D:6      | Reached skill level 6 in Dodging
  6032 | D:6      | Reached skill level 5 in Shields
  6095 | D:7      | Reached skill level 5 in Invocations
  6513 | D:7      | Acquired Makhleb's third power
  6513 | D:7      | Reached skill level 5 in Stealth
  7238 | D:8      | Noticed Grum
  7251 | D:8      | Killed Grum
  7271 | D:8      | Gained mutation: You have razor-sharp toenails. [demonic ancestry]
  7271 | D:8      | Reached XP level 10. HP: 63/72 MP: 10/14
  7641 | D:8      | Reached skill level 7 in Dodging
  7763 | D:9      | Acquired Makhleb's fourth power
  7974 | D:9      | Reached skill level 5 in Short Blades
  8094 | D:9      | Noticed a seven-headed hydra
  8104 | D:9      | Killed a seven-headed hydra
  8104 | D:9      | Acquired Makhleb's fifth power
  8438 | D:9      | Reached skill level 8 in Dodging
  8536 | D:9      | Noticed Prince Ribbit
  8560 | D:9      | Killed Prince Ribbit
  8692 | D:9      | Found a stormy altar of Qazlal.
  8866 | D:10     | Entered Level 10 of the Dungeon
  8941 | D:10     | Found a shimmering altar of Xom.
  9281 | D:10     | Noticed George's ghost (powerful GrFi)
  9299 | D:10     | Killed George's ghost
  9299 | D:10     | Gained mutation: You regenerate magic rapidly. [demonic ancestry]
  9299 | D:10     | Reached XP level 11. HP: 69/78 MP: 16/16
  9842 | D:10     | Found a staircase to the Orcish Mines.
  9850 | Orc:1    | Entered Level 1 of the Orcish Mines
  9857 | Orc:1    | Identified 2 scrolls of acquirement
 10016 | Orc:2    | Found a frozen archway.
 10046 | IceCv    | Entered an ice cave
 10316 | IceCv    | Reached skill level 9 in Dodging
 10378 | IceCv    | Reached skill level 5 in Fighting
 10719 | IceCv    | Noticed an ice statue
 10934 | IceCv    | Killed an ice statue
 10973 | IceCv    | Noticed a death yak
 11055 | IceCv    | Reached XP level 12. HP: 77/86 MP: 15/19
 11071 | IceCv    | Killed a death yak
 11071 | IceCv    | Reached skill level 5 in Armour
 11172 | IceCv    | Noticed a death yak
 11172 | IceCv    | Noticed a white draconian
 11187 | IceCv    | Killed a white draconian
 11192 | IceCv    | Killed a death yak
 11194 | IceCv    | Reached skill level 10 in Invocations
 11306 | Orc:2    | Found a bloodstained altar of Trog.
 11588 | Orc:3    | Found a staircase to the Elven Halls.
 12010 | Elf:1    | Entered Level 1 of the Elven Halls
 12093 | Elf:1    | Noticed Frances
 12101 | Elf:1    | Killed Frances
 12214 | Elf:1    | Noticed Roxanne
 12254 | Elf:1    | Reached skill level 11 in Invocations
 12277 | Elf:1    | Killed from afar by Roxanne

Vault maps used:
D:1:      minmay_arrival_shattered_statue, st_stairs_4
D:2:      tgw_trog, ecumenical_altar_1, corexii_leaking_fountain, uniq_natasha,
          uniq_terence, uniq_crazy_yiuf_cottage
D:3:      lemuel_upstairs_altar, overflow_temple_1_default,
          portal_sewer_entry_e, hangedman_feature_mirror, serial_bayou_lagoon_a
D:4:      minitemple, kiku_gazebo_garden_becter, first_bread,
          grunt_decor_fettered
D:5:      nicolae_tso_besieged_by_evil
D:6:      minmay_temple_entry_hall, uniq_sigmund, uniq_eustachio, uniq_pikel
D:8:      uniq_grum
D:9:      nicolae_qazlal_eye_of_the_storm, uniq_prince_ribbit1
D:10:     hiddenorc1_lemuel, basic_altar
Orc:1:    cheibrodos_orc_bank
Orc:2:    portal_ice_cave_entry_imps, basic_altar, mines5_lemuel
Orc:3:    nicolae_orc_pool_cavern
Elf:1:    elf_arrival_002, minmay_elf_sorcery, hangedman_elf_power_crystal,
          uniq_agnes, uniq_frances, uniq_roxanne
Sewer:    sewer_frog_island_01
IceCv:    ice_cave_caverns_01

Action                   |  1- 3 |  4- 6 |  7- 9 | 10-12 || total
-------------------------+-------+-------+-------+-------++-------
Melee: Long sword        |    26 |       |       |       ||    26
       Dagger            |   104 |   245 |   445 |  1149 ||  1943
 Fire: Hunting sling     |       |     4 |    43 |       ||    47
       Blowgun           |       |       |       |     4 ||     4
Throw: Tomahawk          |       |     2 |     2 |     1 ||     5
Invok: Minor Destruction |       |       |    26 |    41 ||    67
       Lesser Servant of |       |       |     1 |    12 ||    13
       Major Destruction |       |       |       |    20 ||    20
       Greater Servant o |       |       |       |     2 ||     2
  Use: Scroll            |     5 |    10 |     8 |     6 ||    29
       Potion            |       |       |     3 |     2 ||     5
 Stab: Sleeping          |       |     5 |    16 |     7 ||    28
       Distracted        |       |       |     2 |     7 ||     9
  Eat: Bread ration      |       |     2 |     2 |     4 ||     8
       Pizza             |       |       |     1 |     2 ||     3
       Beef jerky        |       |       |     1 |     2 ||     3
